 Dungeon Crawl Stone Soup version 0.25-a0-670-g50981ef (webtiles) character file.

Game seed: 2624747242653728921, levelgen mode: deterministic

58 Carnifexus the Sneak (level 3, -1/21 HPs)
             Began as a Vampire Assassin on Mar 29, 2020.
             Slain by an iron imp (6 damage)
             ... summoned by Natasha
             ... on level 2 of the Dungeon.
             The game lasted 00:19:59 (2483 turns).

Carnifexus the Sneak (Vampire Assassin)             Turns: 2483, Time: 00:20:11

Health: -1/21      AC:  6    Str:  4 (10) XL:     3   Next: 75%
Magic:  2/3        EV:  8    Int:  7 (13) God:
Gold:   110        SH:  0    Dex: 10 (16) Spells: 2/2 levels left

rFire    . . .     SeeInvis +   a - +2 dagger
rCold    + + .     Gourm    .   (no shield)
rNeg     + + +     Faith    .   r - +0 ring mail
rPois    ∞         Spirit   .   (no helmet)
rElec    .         Reflect  .   c - +0 cloak
rCorr    .         Harm     .   (no gloves)
MR       .....                  (no boots)
Stlth    +++++.....             (no amulet)
HPRegen  0.00/turn              (no ring)
MPRegen  0.08/turn              (no ring)

@: bloodless
A: no food, fangs 3, see invisible, unbreathing
a: Bat Form, Revivify


You were on level 2 of the Dungeon.
You were bloodless.

You visited 1 branch of the dungeon, and saw 3 of its levels.

You collected 110 gold pieces.

Inventory:

Hand Weapons
 a - a +2 dagger (weapon)
 h - a +0 whip
 n - a +0 short sword
 s - a +0 hand axe
 y - a +0 hunting sling
 z - a +0 spear
 A - a +0 hand axe
 C - a +0 flail
Missiles
 d - 8 poisoned darts (quivered)
 e - 2 curare-tipped darts
 o - 55 bolts
Armour
 b - a +0 robe
 c - a +0 cloak (worn)
 r - a +0 ring mail (worn)
 t - a +3 leather armour
 v - a +0 chain mail
 x - a cursed +0 cloak
Jewellery
 m - an uncursed ring of fire {unknown}
Scrolls
 g - a scroll of amnesia {unknown}
 i - 2 scrolls of identify {unknown}
 j - a scroll of enchant armour {unknown}
 k - a scroll of immolation {unknown}
 q - 2 scrolls of teleportation {unknown}
 w - 2 scrolls of remove curse {unknown}
Potions
 f - a potion of degeneration {unknown}
 l - a potion of curing
 p - 2 potions of haste {unknown}
 u - a potion of flight {unknown}
Comestibles
 B - a ration


   Skills:
 + Level 2.0 Fighting
 + Level 2.6 Short Blades
 + Level 1.6 Throwing
 + Level 1.2 Dodging
 + Level 7.5 Stealth


You had 2 spell levels left.
You didn't know any spells.
Your spell library was empty.

Dungeon Overview and Level Annotations

Branches:
Dungeon (3/15)

Altars:
Makhleb
Nemelex Xobeh
Okawaru
Trog

Annotations:
D:2 Natasha
D:3 Jessica


Innate Abilities, Weirdness & Mutations

You do not eat.
You do not regenerate when monsters are visible.
You are frail without blood (-20% HP).
You can heal yourself when you bite living creatures.
You are immune to poison.
You have razor-sharp teeth.
You have supernaturally acute eyesight. (SInv)
You can survive without breathing.


Message History

The shadow imp hits you but does no damage.
You closely miss Natasha. Natasha claws you.
The shadow imp hits you but does no damage.
You barely miss Natasha. Natasha claws you. The shadow imp barely misses you.
You closely miss Natasha.
Natasha mumbles some strange words.
The shadow imp shouts, "Slither hence, thou warped fool-headed bugbear!"
The shadow imp barely misses you.
You hit Natasha.
Natasha is moderately wounded.
The shadow imp disappears in a puff of smoke!
Natasha closely misses you.
Your ring mail prevents you from hitting Natasha.
Natasha is moderately wounded.
The crimson imp hits you but does no damage.
Natasha stares at you and mumbles some strange words.
The magic dart hits you.
* * * LOW HITPOINT WARNING * * *
The iron imp hits you.
You die...

.# ##...........#...............
.# #....<.......................
#####.#............###...........
......##........##.###..#........
###......###.#####.##......#.....
#..#######.#..(.......##.......
########...............##......
###..........5...............
#..........5@h..........#....
#............#.#####....#....
####...........# #..#..#....
#....>.....##....##....###
#............>... ......
##.............. .......
#.........###### #.........#
#.........#


You could see an iron imp, Natasha and a crimson imp.

Vanquished Creatures
  Natasha (D:2)
  An adder (D:2)
  An ooze (D:1)
  3 goblins (D:1)
  4 hobgoblins
  A quokka (D:2)
  4 bats
  A kobold (D:1)
  6 rats
22 creatures vanquished.

Notes
Turn   | Place    | Note
-------+----------+-------------------------------------------
     0 | D:1      | Carnifexus the Vampire Assassin began the quest for the
                  | Orb.
     0 | D:1      | Reached XP level 1. HP: 16/16 MP: 1/1
    26 | D:1      | Reached skill level 6 in Stealth
   298 | D:1      | Reached XP level 2. HP: 17/17 MP: 2/2
  1339 | D:2      | Found a bloodstained altar of Trog.
  1340 | D:2      | Found an iron altar of Okawaru.
  1340 | D:2      | Found a burning altar of Makhleb.
  1341 | D:2      | Found a sparkling altar of Nemelex Xobeh.
  1406 | D:2      | Reached skill level 7 in Stealth
  1406 | D:2      | Reached XP level 3. HP: 18/21 MP: 3/3
  1620 | D:2      | Noticed Natasha
  1634 | D:2      | Killed Natasha
  2058 | D:3      | Noticed Jessica
  2058 | D:3      | Noticed a scorpion
  2456 | D:2      | Noticed Natasha
  2483 | D:2      | Slain by an iron imp

Levels and vault maps discovered:
D:1:      tarquinn_simple_flora_water_e, layout_basic
D:2:      layout_rooms, chequers_temple_overflow_statue_of_worship,
          minmay_liquid_box, uniq_crazy_yiuf_cottage, uniq_natasha, uniq_terence
D:3:      layout_basic, cheibrodos_gnoll_hut, uniq_jessica

Skill      XL: |  1  2 |
---------------+-------+-----
Stealth        | 6 7 |  7.5
Fighting       | 2 |  2.0
Short Blades   | |  2.6
Throwing       | |  1.6
Dodging        | |  1.2

Action                   || total
-------------------------++-------
Melee: Dagger            ||    69
       Bite              ||     6
       Unarmed           ||     3
 Abil: Exsanguinate      ||     2
       Revivify          ||     2
       End Transformatio ||     3
       Bat Form          ||     3
  Use: Potion            ||     1
 Stab: Sleeping          ||     3
       Distracted        ||     1
Armor: Robe              ||     7
       Ring mail         ||    10
Dodge: Dodged            ||    39

Table legend:
 A = Non-vault XP
 B = Vault XP
 C = Vault XP percentage of total XP
 D = Non-vault monster count
 E = Vault monster count
 F = Vault count percentage of total count
                 A         B        C        D         E       F
            +---------+---------+-------+---------+---------+-------
      Total |      48 |      35 |  42.2 |      21 |       1 |   4.5
            +---------+---------+-------+---------+---------+-------
        D:1 |      29 |       0 |   0.0 |      16 |       0 |   0.0
        D:2 |      19 |      35 |  64.8 |       5 |       1 |  16.7
            +---------+---------+-------+---------+---------+-------
